 Dungeon Crawl Stone Soup version 0.30.1-11-g7821555f0a (webtiles) character file.

Game seed: 7807094984427423210

17199 celiacchi the Thaumaturge (level 12, -4/94 HPs)
             Began as a Gnoll Warper on Jan 4, 2024.
             Was an Elder of Qazlal.
             Slain by a six-headed hydra (6 damage)
             ... on level 2 of the Lair of Beasts.
             The game lasted 02:05:44 (11097 turns).

celiacchi the Thaumaturge (Gnoll Warper)           Turns: 11097, Time: 02:05:49

Health: -4/94      AC: 15    Str: 14    XL:     12   Next: 45%
Magic:  20/25      EV: 15    Int: 13    God:    Qazlal [****..]
Gold:   422        SH:  5    Dex: 13    Spells: 10/29 levels left

rFire   . . .        A - +4 long sword (freeze)
rCold   . . .        (no shield)
rNeg    . . .        q - +2 acid dragon scales
rPois   +            P - +1 helmet
rElec   .            j - +0 cloak
rCorr   +            R - +0 pair of gloves
SInv    .            (no boots)
Will    .....        (no amulet)
Stlth   ++           S - ring of poison resistance
HPRegen 0.35/turn    H - ring of wizardry
MPRegen 0.19/turn

%: repel missiles, wizardry (x1)
@: no status effects
A: fangs 1, strong nose, distributed training
a: Renounce Religion, Upheaval, Elemental Force


You were on level 2 of the Lair of Beasts.
You worshipped Qazlal.
Qazlal was greatly pleased with you.
You visited 4 branches of the dungeon, and saw 14 of its levels.
You also visited: Sewer.

You collected 584 gold pieces.
You spent 162 gold pieces at shops.

Inventory:

Hand Weapons
 k - a +0 falchion of flaming
 A - a +4 long sword of freezing (weapon)
 B - a +2 short sword of speed
 C - a +0 short sword of holy wrath
 T - a +3 quarterstaff
Missiles
 d - 3 boomerangs of dispersal
 g - 105 stones
 N - 16 poisoned darts
 Q - 6 boomerangs (quivered)
 U - 6 atropa-tipped darts
Armour
 j - a +0 cloak (worn)
 q - +2 acid dragon scales (worn)
 M - a +2 ring mail of cold resistance
 P - a +1 helmet (worn)
 R - a +0 pair of gloves (worn)
 W - the +1 leather armour "Mous" {Harm +Inv rPois}
   (You found it on level 1 of the Lair of Beasts)

   rPois:     It protects you from poison.
   +Inv:      It lets you turn invisible.
   Harm:      It increases damage dealt and taken.
Magical Staves
 n - a staff of earth
Jewellery
 o - a ring of resist corrosion
 x - a ring of protection from cold
 D - a ring of magical power
 H - a ring of wizardry (right hand)
 I - a ring of flight
 S - a ring of poison resistance (left hand)
Wands
 b - a wand of digging (6)
 c - a wand of flame (9)
 e - a wand of quicksilver (10)
 u - a wand of polymorph (6)
 K - a wand of charming (8)
Scrolls
 a - a scroll of vulnerability {unknown}
 h - 3 scrolls of fog
 l - 2 scrolls of fear
 m - 3 scrolls of noise
 t - a scroll of acquirement {unknown}
 v - a scroll of silence {unknown}
 w - 5 scrolls of immolation
 y - a scroll of identify
 E - a scroll of teleportation
 F - 2 scrolls of magic mapping
 O - a scroll of amnesia {unknown}
Potions
 f - 4 potions of lignification
 i - 9 potions of flight
 p - 3 potions of degeneration
 r - a potion of brilliance {unknown}
 s - a potion of berserk rage {unknown}
 z - a potion of haste
 G - a potion of resistance
 J - a potion of attraction {unknown}
 L - a potion of ambrosia {unknown}
 V - a potion of cancellation {unknown}


   Skills:
 + Level 8.9 Fighting
 + Level 7.6 Short Blades
 + Level 8.9 Long Blades
 + Level 7.6 Axes
 + Level 7.6 Maces & Flails
 + Level 7.6 Polearms
 + Level 7.6 Staves
 + Level 7.6 Ranged Weapons
 + Level 8.0 Throwing
 + Level 8.0 Armour
 + Level 8.9 Dodging
 + Level 7.6 Stealth
 + Level 7.6 Shields
 + Level 7.6 Unarmed Combat
 + Level 9.2 Spellcasting
 + Level 6.3 Conjurations
 + Level 6.3 Hexes
 + Level 6.3 Summonings
 + Level 6.3 Necromancy
 + Level 8.4 Translocations
 + Level 6.3 Transmutations
 + Level 6.3 Fire Magic
 + Level 6.3 Ice Magic
 + Level 6.3 Air Magic
 + Level 6.3 Earth Magic
 + Level 6.3 Poison Magic
 + Level 8.3 Invocations
 + Level 7.6 Evocations


You had 10 spell levels left.
You knew the following spells:

 Your Spells              Type           Power      Damage    Failure   Level
a - Blink                 Tloc           56%        N/A       1%          2
b - Teleport Other        Tloc           28%        N/A       1%          3
c - Passwall              Tmut/Erth      18%        N/A       1%          2
d - Wereblood             Tmut           22%        N/A       1%          2
e - Ensorcelled Hibernat  Hex/Ice        44%        N/A       1%          2
f - Manifold Assault      Tloc           28%        N/A       1%          4
g - Apportation           Tloc           56%        N/A       1%          1
h - Tukima's Dance        Hex            22%        N/A       1%          3

Your spell library contained the following spells:

 Spells                   Type           Power      Damage    Failure   Level
 Beastly Appendage        Tmut           44%        N/A       1%          1
 Lesser Beckoning         Tloc           56%        N/A       1%          2
 Sublimation of Blood     Necr           22%        N/A       1%          2
 Portal Projectile        Hex/Tloc       50%        N/A       1%          3
 Spider Form              Tmut/Pois      22%        N/A       1%          3
 Swiftness                Air            22%        N/A       1%          3
 Vhi's Electric Charge    Tloc/Air       50%        N/A       1%          3
 Cause Fear               Hex            11%        N/A       4%          4
 Alistair's Intoxication  Tmut/Pois      14%        N/A       14%         5
 Blade Hands              Tmut           11%        N/A       14%         5
 Malign Gateway           Summ/Tloc      12%        N/A       92%         7
 Dragon Form              Tmut           11%        N/A       98%         7
 Summon Hydra             Summ           11%        N/A       98%         7
 Summon Horrible Things   Summ           11%        N/A       100%        8
 Dragon's Call            Summ           11%        N/A       100%        9


Dungeon Overview and Level Annotations

Branches:
Dungeon (9/15)             Temple (1/1) D:4            Lair (3/5) D:9
  Snake (1/4) Lair:2        Sewer (visited)
  Swamp: Lair:2-3    Shoals: Lair:2-3       Orc: D:9-12

Altars:
Ashenzari
Cheibriados
Dithmenos
Elyvilon
Fedhas
Gozag
Hepliaklqana
Kikubaaqudgha
Makhleb
Nemelex Xobeh
Okawaru
Qazlal
Ru
Sif Muna
Trog
Uskayaw
Vehumet
Wu Jian
Xom
Yredelemnul
Zin
The Shining One

Shops:
D:3 !   D:9 (*[:[

Annotations:
D:8 3 runed translucent doors, kelmen2's ghost, novice MiBe
Snake:1 3 runed translucent doors, Kazon's ghost, adept GrFi


Innate Abilities, Weirdness & Mutations

You have very sharp teeth.
Your uncanny sense of smell can sniff out nearby items.
Your experience applies equally to all skills.


Message History

The elephant trunk-slaps you but does no damage.
The six-headed hydra is no longer moving slowly.
An elephant comes into view.
The elephant tramples you but does no damage.
The elephant trunk-slaps you but does no damage.
The elephant tramples you but does no damage.
The elephant trunk-slaps you but does no damage.
The six-headed hydra barely misses you. The six-headed hydra bites you.
The six-headed hydra bites you!
The six-headed hydra bites you but does no damage.
The six-headed hydra bites you.
The six-headed hydra bites you but does no damage.
You turn to flesh and can move again.
You hear an angry hiss.
The elephant barely misses you. The elephant completely misses you.
The elephant is engulfed in freezing vapours.
You block the elephant's attack. x2
You block the six-headed hydra's attack.
The six-headed hydra bites you but does no damage.
The six-headed hydra bites you!
* * * LOW HITPOINT WARNING * * *
The six-headed hydra bites you but does no damage.
The six-headed hydra bites you!
* * * LOW HITPOINT WARNING * * *
The six-headed hydra closely misses you.
You climb upwards.
There is a stone staircase leading down here.
Activating: Elemental Force (1% risk of failure)
Press: ? - help, Dir - look around, f - activate Clouds arounds you coalesce and take form!
The elephant tramples you but does no damage.
The elephant trunk-slaps you but does no damage.
The elephant tramples you but does no damage.
The elephant trunk-slaps you but does no damage.
The six-headed hydra bites you.
* * * LOW HITPOINT WARNING * * *
The six-headed hydra bites you!
* * * LOW HITPOINT WARNING * * *
The six-headed hydra bites you.
You die...
SS#

≈~~ .....#.#.## ##.#
#≈Y~.... .....#.P+.###..#
##~~...# #..............#
#≈~P..###..............#
#≈~....................#
#~~............E..E....#
##~~............○YE.....##
#≈~S...........○@Y.......#
~~~............D........##
~~...###......E.#..###..#
.~.#.P##.....###...##...##
##....#P....## ##.P###...#
##..........## ...P #..###
##....#......#
.<..###....#
#####.#.....###..##.
#..### ..######....P####
###..#


You could see a six-headed hydra (ally target), 2 elephants, a friendly earth
elemental (summoned), a friendly water elemental (summoned) and 2 friendly fire
elementals.

Vanquished Creatures
  A two-headed ogre (D:9)
  Sonja (Lair:1)
  12 black mambas
  4 naga magi (Snake:1)
  2 cane toads
  A rime drake (Lair:2)
  6 blink frogs (Lair:2)
  A hornet (D:9)
  3 wyverns (D:9)
  A wraith (D:8)
  20 yaks
  3 basilisks
  A steam dragon (D:8)
  An acid dragon (D:8)
  2 nagas (Snake:1)
  12 water moccasins
  An ice beast (D:6)
  2 black bears
  6 wolves (Lair:2)
  3 ogres (D:6)
  A phantom (D:5)
  3 kobold brigands (D:9)
  5 bullfrogs
  A gnoll sergeant (D:9)
  2 scorpions
  9 wights
  An electric eel (Lair:2)
  8 howler monkeys
  3 hounds
  3 orc priests
  4 iguanas
  4 orc wizards
  A sleepcap (D:6)
  A sickly merfolk siren (Sewer)
  A malarious merfolk avatar (Sewer)
  5 gnolls (D:9)
  9 adders
  7 river rats
  A shadow imp (D:8)
  2 white imps
  An ufetubus (D:3)
  A worm (D:3)
  3 dart slugs
  12 orcs
  3 bats
  5 endoplasms
  7 giant cockroaches
  15 goblins
  4 hobgoblins
  6 jackals
  16 kobolds
  3 quokkas
  7 ball pythons
  6 frilled lizards
  48 rats
291 creatures vanquished.

Vanquished Creatures (others)
  A dart slug (D:5)
1 creature vanquished.

Grand Total: 292 creatures vanquished

Notes
Turn   | Place    | Note
-------+----------+-------------------------------------------
     0 | D:1      | celiacchi the Gnoll Warper began the quest for the Orb.
     0 | D:1      | Reached XP level 1. HP: 20/20 MP: 6/6
    59 | D:1      | Reached XP level 2. HP: 26/26 MP: 7/7
    62 | D:1      | Learned a level 2 spell: Blink
   310 | D:1      | Found a faded altar of an unknown god.
   329 | D:1      | Prayed at the altar of an unknown god.
   329 | D:1      | Became a worshipper of Qazlal Stormbringer
   329 | D:1      | Reached * piety under Qazlal
   490 | D:1      | Reached skill level 5 in Spellcasting
   490 | D:1      | Reached XP level 3. HP: 31/31 MP: 7/9
   996 | D:2      | Reached skill level 1 in Invocations
  1117 | D:2      | Reached skill level 1 in Short Blades
  1117 | D:2      | Reached skill level 1 in Axes
  1117 | D:2      | Reached skill level 1 in Maces & Flails
  1117 | D:2      | Reached skill level 1 in Polearms
  1117 | D:2      | Reached skill level 1 in Staves
  1117 | D:2      | Reached skill level 1 in Ranged Weapons
  1117 | D:2      | Reached skill level 1 in Stealth
  1117 | D:2      | Reached skill level 1 in Shields
  1117 | D:2      | Reached skill level 1 in Unarmed Combat
  1117 | D:2      | Reached skill level 1 in Evocations
  1207 | D:2      | Learned a level 3 spell: Teleport Other
  1547 | D:3      | Reached XP level 4. HP: 32/38 MP: 11/11
  1708 | D:3      | Reached ** piety under Qazlal
  1720 | D:3      | Found Siwu's Distillery.
  1829 | D:3      | Bought a potion of flight for 42 gold pieces
  1967 | D:3      | Reached skill level 1 in Conjurations
  1967 | D:3      | Reached skill level 1 in Hexes
  1967 | D:3      | Reached skill level 1 in Summonings
  1967 | D:3      | Reached skill level 1 in Necromancy
  1967 | D:3      | Reached skill level 1 in Transmutations
  1967 | D:3      | Reached skill level 1 in Fire Magic
  1967 | D:3      | Reached skill level 1 in Ice Magic
  1967 | D:3      | Reached skill level 1 in Air Magic
  1967 | D:3      | Reached skill level 1 in Earth Magic
  1967 | D:3      | Reached skill level 1 in Poison Magic
  2381 | D:4      | Learned a level 2 spell: Passwall
  2386 | D:4      | Found a glowing drain.
  2430 | D:4      | Found a staircase to the Ecumenical Temple.
  2443 | D:4      | Reached XP level 5. HP: 28/43 MP: 12/12
  2466 | Temple   | Entered the Ecumenical Temple
  2680 | Sewer    | Entered a sewer
  2793 | Sewer    | Reached *** piety under Qazlal
  2880 | Sewer    | Reached XP level 6. HP: 48/50 MP: 13/13
  2925 | Sewer    | Reached skill level 5 in Fighting
  2925 | Sewer    | Reached skill level 5 in Long Blades
  2925 | Sewer    | Reached skill level 5 in Dodging
  3556 | D:5      | Entered Level 5 of the Dungeon
  3591 | D:5      | Noticed a yak
  3593 | D:5      | Noticed a yak
  3593 | D:5      | Noticed a yak
  3593 | D:5      | Noticed a yak
  3593 | D:5      | Noticed a yak
  3593 | D:5      | Noticed a yak
  3612 | D:5      | Killed a yak
  3613 | D:5      | Reached XP level 7. HP: 29/56 MP: 15/15
  3626 | D:5      | Killed a yak
  3975 | D:6      | Found a sacrificial altar of Ru.
  3980 | D:6      | Reached XP level 8. HP: 43/63 MP: 16/16
  4032 | D:6      | Reached skill level 6 in Spellcasting
  4241 | D:5      | Learned a level 2 spell: Wereblood
  4244 | D:5      | Learned a level 2 spell: Ensorcelled Hibernation
  5446 | D:7      | Reached **** piety under Qazlal
  5491 | D:8      | Reached XP level 9. HP: 60/69 MP: 18/18
  5519 | D:8      | Reached skill level 5 in Throwing
  5519 | D:8      | Reached skill level 5 in Armour
  6088 | D:8      | Reached skill level 5 in Invocations
  6251 | D:8      | Found a runed translucent gate.
  6251 | D:8      | Found a runed translucent gate.
  6253 | D:8      | Found a runed translucent gate.
  6256 | D:8      | Noticed kelmen2's ghost (novice MiBe)
  6436 | D:8      | Learned a level 4 spell: Manifold Assault
  6541 | D:9      | Reached skill level 7 in Spellcasting
  6660 | D:9      | Found Joegadiu's Assorted Antiques.
  6669 | D:9      | Bought a runed ivory wand for 80 gold pieces
  6669 | D:9      | Bought a scroll of identify for 40 gold pieces
  6681 | D:9      | Found a flagged portal.
  6848 | D:9      | Reached skill level 5 in Short Blades
  6848 | D:9      | Reached skill level 5 in Axes
  6848 | D:9      | Reached skill level 5 in Maces & Flails
  6848 | D:9      | Reached skill level 5 in Polearms
  6848 | D:9      | Reached skill level 5 in Staves
  6848 | D:9      | Reached skill level 5 in Ranged Weapons
  6848 | D:9      | Reached skill level 5 in Stealth
  6848 | D:9      | Reached skill level 5 in Shields
  6848 | D:9      | Reached skill level 5 in Unarmed Combat
  6848 | D:9      | Reached skill level 5 in Evocations
  6848 | D:9      | Reached XP level 10. HP: 77/77 MP: 20/20
  6895 | D:9      | Noticed a two-headed ogre
  6898 | D:9      | Reached ***** piety under Qazlal
  6914 | D:9      | Killed a two-headed ogre
  6944 | D:9      | Found a staircase to the Lair.
  7033 | D:9      | Found Cysysm's Antique Weapon Boutique.
  7287 | D:9      | Found an ornate altar of the Wu Jian Council.
  7288 | D:9      | Found a burning altar of Makhleb.
  7289 | D:9      | Found a radiant altar of Vehumet.
  7290 | D:9      | Found Kiustom's Antique Armour Shoppe.
  7306 | D:9      | Found Zafriufo's Book Shop.
  7395 | D:9      | Found Nicifamoi's Armour Shop.
  7447 | D:9      | Found an opulent altar of Gozag.
  7946 | Lair:1   | Entered Level 1 of the Lair of Beasts
  7948 | Lair:1   | Noticed a black mamba
  7953 | Lair:1   | Noticed a black mamba
  7960 | Lair:1   | Killed a black mamba
  7961 | Lair:1   | Reached skill level 5 in Conjurations
  7961 | Lair:1   | Reached skill level 5 in Hexes
  7961 | Lair:1   | Reached skill level 5 in Summonings
  7961 | Lair:1   | Reached skill level 5 in Necromancy
  7961 | Lair:1   | Reached skill level 5 in Transmutations
  7961 | Lair:1   | Reached skill level 5 in Fire Magic
  7961 | Lair:1   | Reached skill level 5 in Ice Magic
  7961 | Lair:1   | Reached skill level 5 in Air Magic
  7961 | Lair:1   | Reached skill level 5 in Earth Magic
  7961 | Lair:1   | Reached skill level 5 in Poison Magic
  7962 | Lair:1   | Killed a black mamba
  7963 | Lair:1   | Reached skill level 8 in Spellcasting
  7963 | Lair:1   | Reached XP level 11. HP: 63/85 MP: 23/23
  7971 | Lair:1   | Noticed Sonja
  7976 | Lair:1   | Killed Sonja
  8649 | Lair:1   | Identified the +1 leather armour "Mous" {Harm +Inv rPois}
  9877 | Lair:2   | Reached XP level 12. HP: 83/94 MP: 24/24
  9981 | Lair:2   | Found a staircase to the Snake Pit.
  9996 | Lair:2   | Learned a level 1 spell: Apportation
 10000 | Lair:2   | Learned a level 3 spell: Tukima's Dance
 10005 | Snake:1  | Entered Level 1 of the Snake Pit
 10019 | Snake:1  | Reached skill level 9 in Spellcasting
 10396 | Snake:1  | Found a runed translucent gate.
 10396 | Snake:1  | Found a runed translucent gate.
 10396 | Snake:1  | Found a runed translucent gate.
 10397 | Snake:1  | Noticed Kazon's ghost (adept GrFi)
 10546 | Snake:1  | Noticed a naga warrior
 10549 | Snake:1  | HP: 4/94 [poisoned by a black mamba]
 11082 | Lair:3   | Noticed a six-headed hydra
 11097 | Lair:2   | HP: 2/94 [six-headed hydra (11)]
 11097 | Lair:2   | Slain by a six-headed hydra

Illustrated notes

Levels and vault maps discovered:
D:1:      dpeg_arrival_shrine, layout_basic, ebering_ecumenical_altar_box,
          minmay_misc_feat_five, minmay_misc_feat_roman
D:2:      layout_basic, minmay_misc_feat_iff, st_stairs_11,
          roderic_roman_lattice, minmay_misc_feat_tower
D:3:      layout_basic, serial_shops, nicolae_shop_tiny_glass
D:4:      layout_loops_ring, minmay_temple_entry_proselytizer,
          gup_sewer_entry_glass
D:5:      layout_loops_ring, lemuel_flame_loot_1
D:6:      layout_rooms, mainiacjoe_overflow_catwalk, st_stairs_9
D:7:      layout_basic, dk_rats_in_the_wall
D:8:      layout_basic, gammafunk_ghost_spectres
D:9:      layout_basic, old_standard_altar,
          chequers_temple_overflow_statue_of_worship, minmay_lair_entry_grove,
          enter_bailey_2, serial_shops, shop, shop, shop, nicolae_shop_stone,
          nicolae_shop_stone
Temple:   nicolae_temple_bog_church
Lair:1:   layout_regular_city, uniq_sonja
Lair:2:   layout_regular_city, minmay_shoals_entry_hut,
          minmay_snake_entry_six_corridors
Lair:3:   layout_regular_city
Snake:1:  layout_misc_corridors, ebering_ghost_rock_garden, serial_shops, shop,
          drop_trap, serial_bayou_crossing

Skill      XL: |  1  2  3  4  5  6  7  8  9 10 11 12 |
---------------+-------------------------------------+-----
Spellcasting   | 5 6 7 8 9 |  9.2
Invocations    | 1 2 3 4 5 6 7 8 |  8.3
Short Blades   | 1 2 3 5 6 7 |  7.6
Axes           | 1 2 3 5 6 7 |  7.6
Maces & Flails | 1 2 3 5 6 7 |  7.6
Polearms       | 1 2 3 5 6 7 |  7.6
Staves         | 1 2 3 5 6 7 |  7.6
Ranged Weapons | 1 2 3 5 6 7 |  7.6
Stealth        | 1 2 3 5 6 7 |  7.6
Shields        | 1 2 3 5 6 7 |  7.6
Unarmed Combat | 1 2 3 5 6 7 |  7.6
Evocations     | 1 2 3 5 6 7 |  7.6
Conjurations   | 1 2 3 4 5 6 |  6.3
Hexes          | 1 2 3 4 5 6 |  6.3
Summonings     | 1 2 3 4 5 6 |  6.3
Necromancy     | 1 2 3 4 5 6 |  6.3
Transmutations | 1 2 3 4 5 6 |  6.3
Fire Magic     | 1 2 3 4 5 6 |  6.3
Ice Magic      | 1 2 3 4 5 6 |  6.3
Air Magic      | 1 2 3 4 5 6 |  6.3
Earth Magic    | 1 2 3 4 5 6 |  6.3
Poison Magic   | 1 2 3 4 5 6 |  6.3
Throwing       | 3 4 5 6 7 8 |  8.0
Armour         | 3 4 5 6 7 8 |  8.0
Fighting       | 5 6 7 8 |  8.9
Long Blades    | 5 6 7 8 |  8.9
Dodging        | 5 6 7 8 |  8.9
Translocations | 6 7 8 |  8.4

Action                     |  1- 3 |  4- 6 |  7- 9 | 10-12 || total
---------------------------+-------+-------+-------+-------++-------
  Melee: Falchion          |    92 |       |    85 |       ||   177
         Bite              |     9 |    36 |    42 |    42 ||   129
         Hand axe          |    25 |   227 |   110 |       ||   362
         Punch             |     1 |     6 |     7 |    12 ||    26
         Short sword       |       |       |    43 |       ||    43
         Long sword        |       |       |    55 |   356 ||   411
  Throw: Boomerang         |       |       |     3 |    37 ||    40
         Javelin           |       |       |     4 |       ||     4
   Cast: Blink             |       |       |     4 |     3 ||     7
         Teleport Other    |       |       |     3 |     1 ||     4
         Passwall          |       |       |     2 |     3 ||     5
         Manifold Assault  |       |       |       |     5 ||     5
         Wereblood         |       |       |       |     1 ||     1
 Invoke: Upheaval          |       |       |     3 |     3 ||     6
         Disaster Area     |       |       |       |     2 ||     2
         Elemental Force   |       |       |       |     1 ||     1
  Evoke: Wand              |       |       |    10 |    20 ||    30
    Use: Scroll            |       |     2 |    10 |    12 ||    24
         Potion            |       |     1 |     3 |     5 ||     9
 Armour: Leather armour    |    42 |       |       |       ||    42
         Acid dragon scale |    11 |   104 |    91 |   132 ||   338
  Dodge: Dodged            |    98 |   142 |   178 |   196 ||   614
         Repelled          |       |       |     3 |     4 ||     7
  Block: Other             |    12 |    30 |    64 |    90 ||   196
